 Dungeon Crawl Stone Soup version 0.20-a0-993-gba41c3c (console) character file.

79397 vuev the Executioner (level 15, -6/144 HPs)
             Began as a Minotaur Berserker on Apr 11, 2017.
             Was the Champion of Trog.
             Mangled by an orc warrior
             ... wielding a +0 war axe
              (18 damage)
             ... on level 1 of the Orcish Mines on Apr 12, 2017.
             The game lasted 00:40:40 (22271 turns).

vuev the Executioner (Minotaur Berserker)          Turns: 22271, Time: 00:40:41

Health: -6/144     AC: 21    Str: 25    XL:     15   Next: 20%
Magic:  14/14      EV: 11    Int:  4    God:    Trog [******]
Gold:   1946       SH:  0    Dex: 20    Spells: 14/14 levels left

rFire    + . .     SeeInvis .   S - +8 battleaxe {speed, rPois Str+2 Stlth-}
rCold    . . .     Gourm    .   (shield currently unavailable)
rNeg     . . .     Faith    .   I - +6 scale mail of Isedghuss {rF+}
rPois    +         Spirit   .   z - +0 hat
rElec    .         Reflect  .   r - +1 cloak
rCorr    .         Harm     .   a - +0 pair of gloves
MR       +++..                  C - +0 pair of boots
Stlth    ..........             (no amulet)
Regen    1.4/turn               Q - ring of flight
MPRegen  0.2/turn               y - +5 ring of dexterity

@: exhausted, starving, regenerating, slowed, studying Fighting, very slow
A: retaliatory headbutt, horns 2
a: Berserk, Trog's Hand, Brothers in Arms, Burn Spellbooks, Renounce Religion,
Evoke Flight


You were on level 1 of the Orcish Mines.
You worshipped Trog.
Trog was exalted by your worship.
You were starving.

You visited 3 branches of the dungeon, and saw 21 of its levels.

You collected 1946 gold pieces.

Inventory:

Hand Weapons
 O - a +2 antimagic executioner's axe
 S - the +8 battleaxe of Taxation (weapon) {speed, rPois Str+2 Stlth-}
   (Trog gifted it to you on level 9 of the Dungeon)

   Attacks with this weapon are significantly faster.
   It affects your strength (+2).
   It protects you from poison.
   It makes you less stealthy.
 X - the +10 longbow "Fuheyc Xiqom" {venom, rC+, unknown}
   (Trog gifted it to you on level 1 of the Lair of Beasts)

   It poisons the ammo it fires.
   It protects you from cold.
Missiles
 N - 7 javelins (quivered)
 Z - 2 throwing nets
Armour
 a - a +0 pair of gloves (worn)
 r - a +1 cloak (worn)
 z - a +0 hat (worn)
 C - a +0 pair of boots (worn)
 I - the +6 scale mail of Isedghuss (worn) {rF+}
   (You found it on level 6 of the Dungeon)

   It protects you from fire.
Jewellery
 y - a +5 ring of dexterity (right hand)
 Q - a ring of flight (left hand)
Wands
 h - a wand of clouds (7/9)
 q - a wand of confusion (21/48)
 u - a wand of digging (21/24)
 H - a wand of enslavement (8/24)
 K - a wand of confusion (17/48)
 P - a wand of lightning (9/15)
 T - a wand of acid (2/15)
 W - a wand of disintegration (21/24)
Scrolls
 f - 22 scrolls of identify
 t - 5 scrolls of remove curse
 w - 3 scrolls of recharging
 x - 3 scrolls of enchant armour
 A - 3 scrolls of magic mapping {unknown}
 D - 3 scrolls of teleportation
 G - 4 scrolls of summoning {unknown}
 J - 4 scrolls of enchant weapon
 L - a scroll of brand weapon {unknown}
 R - a scroll of torment {unknown}
 V - 3 scrolls of fog
 Y - a scroll of holy word {unknown}
Potions
 g - 3 potions of flight
 i - 4 potions of haste
 j - a potion of invisibility {unknown}
 k - 3 potions of berserk rage {unknown}
 l - a potion of ambrosia {unknown}
 m - 10 potions of curing
 o - 3 potions of lignification {unknown}
 p - 3 potions of heal wounds {unknown}
 s - 2 potions of cancellation {unknown}
 v - 2 potions of degeneration {unknown}
 B - 2 potions of might {unknown}
 E - 2 potions of magic {unknown}
 F - 2 potions of resistance {unknown}
 M - 2 potions of mutation {unknown}
Books
 b - a manual of Fighting
Comestibles
 c - 15 bread rations
 d - 10 fruits
 n - 6 meat rations
 U - 10 royal jellies


   Skills:
 + Level 16.2 Fighting
 * Level 23.3 Axes
 + Level 12.3 Armour
 - Level 2.1 Dodging


You had 14 spell levels left.
You didn't know any spells.

Dungeon Overview and Level Annotations

Branches:
Dungeon (13/15)            Temple (0/1) D:4            Lair (6/6) D:11
 Shoals (0/4) Lair:4        Snake (0/4) Lair:2        Slime (0/5) Lair:6
    Orc (2/2) D:11
    Elf: Orc:2       Vaults: D:13-14

Altars:
Ashenzari
Cheibriados
Dithmenos
Gozag
Nemelex Xobeh
Qazlal
Ru
Trog
Uskayaw
Vehumet
Wu Jian
Xom
Yredelemnul
The Shining One
Beogh

Shops:
D:11 *

Portals:
Trove: D:12 (give +2 shadow dragon scales)

Annotations:
Lair:6 exclusion: 3 oklob plants


Innate Abilities, Weirdness & Mutations

You reflexively headbutt those who attack you in melee.
You have a pair of horns on your head.


Message History

The warg misses you. You furiously retaliate!
You headbutt the warg! The ogre hits you with a giant club.
* * * LOW HITPOINT WARNING * * *
The orc wizard hits you but does no damage.
The orc priest hits you but does no damage.
The orc priest barely misses you. You furiously retaliate!
You headbutt the orc priest, but do no damage.
The orc priest looks satisfied for a moment.
You hear two shouts!
The warg barely misses you.
The orc wizard hits you but does no damage.
The orc priest closely misses you. You furiously retaliate!
You headbutt the orc priest, but do no damage.
The orc priest hits you but does no damage.
The ogre hits you but does no damage.
You climb upwards.
The orc warrior shouts!
The orc shouts!
The orc priest shouts!
An orc comes into view. It is wielding a club.
The orc warrior hits you with a war axe!!
You die...

#............#.............
##.##.#.......#.....8.....8
#######..................)))
##.#####........########'')##
#....##.o.....o.#.........)).
##............#.#............
###.#..........#..8..#..#..#
######.....ohO..#............
##.##.......o@o..#............
#.......[)..oo...#..#..#######
##.#...#[)...o...#.....#8...8#
####.##....[#...#.....#.....#
###.....#....#..#..'.†_..)
##.###.....#.....#.....#
####......#.....#.....#
##.....###..#..##'''##
##.#..)..##............


You could see a warg, 2 orc warriors, an ogre, 3 orc priests, an orc wizard and
2 orcs.

Vanquished Creatures
  An orc warlord (Orc:1)
  A stone giant (D:13)
  A fire dragon (Lair:6)
  Harold (Lair:3)
  The ghost of Leszczynek the Grappler, a novice OgSu of Cheibriados (D:11)
  A centaur warrior (D:13)
  8 hydras
  14 two-headed ogres
  3 ogre magi (Orc:2)
  A queen ant (Lair:3)
  An orc high priest (Orc:1)
  An unseen horror (D:13)
  A lindwurm (Lair:6)
  2 orc sorcerers (Orc:1)
  3 orc knights
  4 ugly things
  4 manticores
  A deep elf mage (D:12)
  A cyclops (D:11)
  2 centaur zombies
  20 black mambas
  3 molten gargoyles (Lair:6)
  A centaur skeleton (D:13)
  The ghost of Hybris the Shield-Bearer, a novice HuFi of Okawaru (D:4)
  13 spiny frogs
  A rime drake (Lair:5)
  11 komodo dragons
  5 trolls
  Grinder (D:5)
  A meliai (D:13)
  A wind drake (shapeshifter) (D:13)
  3 hornets
  9 hippogriffs
  5 blink frogs (Lair:6)
  3 dream sheep (Lair:6)
  4 wyverns
  A shadow (D:11)
  A spriggan (shapeshifter) (D:13)
  9 water elementals
  A wraith (D:11)
  Sigmund (D:5)
  31 yaks
  A vampire (D:12)
  A spriggan (D:11)
  3 basilisks
  3 steam dragons
  A hungry ghost (D:10)
  Edmund (D:5)
  6 vampire mosquitoes
  Menkaure (D:5)
  A warg (Orc:1)
  4 nagas (Lair:2)
  6 porcupines
  3 hell hounds (Lair:6)
  2 acid dragons
  17 soldier ants (Lair:3)
  15 water moccasins
  The ghost of claquette the Skirmisher, an amateur TrMo (D:3)
  A hornet zombie (D:13)
  23 orc warriors
  5 ice beasts
  19 ogres
  2 black bears
  A phantom (D:8)
  20 wolves
  10 centaurs
  14 crocodiles
  A gnoll sergeant (D:11)
  3 big kobolds
  15 bullfrogs
  A wyvern zombie (D:13)
  A wyvern skeleton (D:11)
  3 scorpions
  9 wights
  4 howler monkeys
  8 electric eels
  7 crimson imps
  5 lava snakes (Lair:6)
  2 bullfrog zombies
  3 quasits
  3 hounds
  2 jellies
  Crazy Yiuf (D:2)
  A gnoll shaman (D:5)
  22 orc priests
  2 bullfrog skeletons
  Terence (D:2)
  3 iguanas
  22 orc wizards
  4 hell rats (Lair:6)
  32 worker ants
  3 worker ant zombies
  10 gnolls
  14 adders
  3 shadow imps
  2 adder zombies
  2 worms (D:2)
  5 dart slugs
  8 leopard geckos
  91 orcs
  5 bats
  3 giant cockroaches
  6 goblins
  11 hobgoblins
  17 jackals
  12 kobolds
  4 quokkas
  2 ball pythons (D:3)
  2 frilled lizards
  A jackal skeleton (D:6)
  A leopard gecko skeleton (D:6)
  A quokka zombie (D:6)
  5 rats
  10 fungi
  4 plants
716 creatures vanquished.

Vanquished Creatures (collateral kills)
  3 two-headed ogres (Orc:2)
  4 dream sheep (Lair:6)
  An orc warrior (Orc:1)
  An ogre (Orc:2)
  2 orcs (Orc:1)
11 creatures vanquished.

Vanquished Creatures (others)
  8 fungi
  9 plants (Lair:6)
17 creatures vanquished.

Grand Total: 744 creatures vanquished

Notes
Turn   | Place    | Note
-------+----------+-------------------------------------------
     0 | D:1      | vuev the Minotaur Berserker began the quest for the Orb.
     0 | D:1      | Reached XP level 1. HP: 19/19 MP: 0/0
    13 | D:1      | Reached skill level 4 in Axes
    14 | D:1      | Reached XP level 2. HP: 19/27 MP: 1/1
   496 | D:1      | Reached XP level 3. HP: 33/33 MP: 2/2
   500 | D:1      | Reached ** piety under Trog
   958 | D:2      | Reached skill level 5 in Axes
  1206 | D:2      | Noticed Terence
  1212 | D:2      | Killed Terence
  1212 | D:2      | Reached XP level 4. HP: 41/41 MP: 3/3
  1368 | D:2      | Found a runed door.
  1467 | D:2      | Noticed Crazy Yiuf
  1473 | D:2      | Killed Crazy Yiuf
  1667 | D:3      | Found a hide-covered altar of Uskayaw.
  1668 | D:3      | Found a glowing golden altar of the Shining One.
  1676 | D:3      | Found a sparkling altar of Nemelex Xobeh.
  1779 | D:3      | Noticed claquette's ghost (amateur TrMo)
  1788 | D:3      | Killed claquette's ghost
  1788 | D:3      | Reached skill level 6 in Axes
  1788 | D:3      | Reached XP level 5. HP: 47/47 MP: 4/4
  2216 | D:4      | Noticed Hybris's ghost (novice HuFi)
  2235 | D:4      | Killed Hybris's ghost
  2235 | D:4      | Reached skill level 5 in Fighting
  2235 | D:4      | Reached skill level 8 in Axes
  2235 | D:4      | Reached XP level 6. HP: 56/56 MP: 5/5
  2235 | D:4      | Reached XP level 7. HP: 61/61 MP: 6/6
  2351 | D:4      | Reached *** piety under Trog
  2400 | D:4      | Found a shattered altar of Ashenzari.
  2400 | D:4      | Found a sacrificial altar of Ru.
  2400 | D:4      | Found an ornate altar of the Wu Jian Council.
  2402 | D:4      | Found an ornate altar of the Wu Jian Council.
  2402 | D:4      | Found a shadowy altar of Dithmenos.
  2402 | D:4      | Found a snail-covered altar of Cheibriados.
  2402 | D:4      | Found a bloodstained altar of Trog.
  2402 | D:4      | Found a shimmering altar of Xom.
  2402 | D:4      | Found a radiant altar of Vehumet.
  2402 | D:4      | Found a shimmering altar of Xom.
  2402 | D:4      | Found a stormy altar of Qazlal.
  2402 | D:4      | Found an opulent altar of Gozag.
  2407 | D:4      | Found a staircase to the Ecumenical Temple.
  2814 | D:5      | Entered Level 5 of the Dungeon
  2831 | D:5      | Found an ornate altar of the Wu Jian Council.
  2962 | D:5      | Found a basalt altar of Yredelemnul.
  3093 | D:5      | Noticed Grinder
  3095 | D:5      | Noticed Sigmund
  3111 | D:5      | Killed Grinder
  3111 | D:5      | Reached skill level 9 in Axes
  3111 | D:5      | Reached skill level 5 in Armour
  3119 | D:5      | Killed Sigmund
  3119 | D:5      | Reached XP level 8. HP: 27/69 MP: 7/7
  3402 | D:5      | Noticed Edmund
  3409 | D:5      | Killed Edmund
  3409 | D:5      | Reached skill level 10 in Axes
  3633 | D:5      | Noticed Menkaure
  3640 | D:5      | Killed Menkaure
  4068 | D:5      | Found a snail-covered altar of Cheibriados.
  4346 | D:6      | Reached skill level 11 in Axes
  4363 | D:6      | Paralysed by an orc for 4 turns
  4965 | D:6      | Got a warped scale mail
  4987 | D:6      | Identified the +6 scale mail of Isedghuss {rF+} (You found it on level 6 of the Dungeon)
  5612 | D:7      | Reached **** piety under Trog
  5641 | D:7      | Reached XP level 9. HP: 47/77 MP: 8/8
  5883 | D:7      | Reached skill level 12 in Axes
  6835 | D:8      | Noticed a two-headed ogre
  6844 | D:8      | Killed a two-headed ogre
  6844 | D:8      | Reached skill level 13 in Axes
  6850 | D:8      | Noticed a two-headed ogre
  6867 | D:8      | Killed a two-headed ogre
  6867 | D:8      | Reached XP level 10. HP: 82/88 MP: 9/9
  7222 | D:9      | Reached ***** piety under Trog
  7479 | D:9      | Reached skill level 14 in Axes
  7602 | D:9      | Received a gift from Trog
  7615 | D:9      | Got a crystal battleaxe {god gift}
  7616 | D:9      | Identified the +8 battleaxe of Taxation {speed, rPois Str+2 Stlth-} (Trog gifted it to you on level 9 of the Dungeon)
  7747 | D:10     | Entered Level 10 of the Dungeon
  8155 | D:10     | Reached skill level 15 in Axes
  8373 | D:10     | Noticed a manticore
  8379 | D:10     | Killed a manticore
  8448 | D:11     | Reached XP level 11. HP: 90/95 MP: 10/10
  8593 | D:11     | Noticed Leszczynek's ghost (novice OgSu)
  8696 | D:11     | Noticed an orc knight
  8717 | D:11     | Killed an orc knight
  8717 | D:11     | Reached skill level 16 in Axes
  8794 | D:11     | Found Goner's General Store.
  8882 | D:11     | Killed Leszczynek's ghost
  8997 | D:11     | Noticed a purple ugly thing
  9009 | D:11     | Killed a purple ugly thing
  9294 | D:11     | Noticed a two-headed ogre
  9632 | D:11     | Found a staircase to the Lair.
  9664 | D:11     | Reached skill level 17 in Axes
  9844 | D:11     | Killed a two-headed ogre
 10263 | D:11     | Found a staircase to the Orcish Mines.
 10354 | Lair:1   | Entered Level 1 of the Lair of Beasts
 10612 | Lair:1   | Reached skill level 18 in Axes
 10690 | Lair:1   | Received a gift from Trog
 10690 | Lair:1   | Reached XP level 12. HP: 98/106 MP: 11/11
 10690 | Lair:1   | Reached skill level 10 in Fighting
 10708 | Lair:1   | Got a transparent longbow {god gift}
 11026 | Lair:1   | Noticed a six-headed hydra
 11028 | Lair:1   | Killed a seven-headed hydra
 11641 | Lair:2   | Reached skill level 19 in Axes
 12147 | Lair:2   | Found a staircase to the Snake Pit.
 12267 | Lair:2   | Reached skill level 10 in Armour
 12378 | Lair:2   | Noticed a five-headed hydra
 12387 | Lair:2   | Killed an eight-headed hydra
 12707 | Lair:3   | Noticed a queen ant
 12726 | Lair:3   | Received a gift from Trog
 12743 | Lair:3   | Killed a queen ant
 12743 | Lair:3   | Reached skill level 20 in Axes
 12926 | Lair:3   | Reached XP level 13. HP: 91/116 MP: 12/12
 13080 | Lair:3   | Noticed Harold
 13091 | Lair:3   | Killed Harold
 13215 | Lair:3   | Reached ****** piety under Trog
 14514 | Lair:4   | Received a gift from Trog
 14581 | Lair:4   | Found a staircase to the Shoals.
 15243 | Lair:5   | Reached skill level 21 in Axes
 16046 | Lair:6   | Entered Level 6 of the Lair of Beasts
 16046 | Lair:6   | Found a staircase to the Slime Pits.
 17597 | Lair:6   | Reached XP level 14. HP: 127/127 MP: 13/13
 17788 | Lair:6   | Received a gift from Trog
 18058 | Lair:6   | Found a large runed door.
 18060 | Lair:6   | Found a large runed door.
 18717 | D:12     | Reached skill level 22 in Axes
 19294 | D:12     | Found a portal to a secret trove of treasure.
 20376 | D:13     | Noticed a stone giant
 20396 | D:13     | Killed a stone giant
 20544 | D:13     | Received a gift from Trog
 20975 | Orc:1    | Entered Level 1 of the Orcish Mines
 20999 | Orc:1    | Reached skill level 15 in Fighting
 21223 | Orc:1    | Noticed an orc warlord
 21240 | Orc:1    | Killed an orc warlord
 21721 | Orc:1    | Found a roughly hewn altar of Beogh.
 21910 | Orc:2    | Entered Level 2 of the Orcish Mines
 21910 | Orc:2    | Found a roughly hewn altar of Beogh.
 21939 | Orc:2    | Noticed an orc warlord
 22196 | Orc:2    | Received a gift from Trog
 22207 | Orc:2    | Reached XP level 15. HP: 132/143 MP: 14/14
 22218 | Orc:2    | Reached skill level 23 in Axes
 22271 | Orc:1    | Mangled by an orc warrior

Vault maps used:
D:1:      erik_arrival_blinker_ship
D:2:      uniq_crazy_yiuf_cottage, uniq_terence
D:3:      gammafunk_temple_overflow_forgotten
D:4:      temple_doors_ab
D:5:      kennysheep_slug_shrine, grunt_temple_overflow_open, first_bread,
          uniq_sigmund, uniq_menkaure, uniq_grinder, uniq_edmund
D:6:      serial_corexii_hall, corexii_hall_statues_l, corexii_hall_statues_l,
          minivault_22
D:7:      minivault_25, chequers_big_river, minmay_misc_feat_tiny
D:11:     lair_entry_dummy, erik_orc_2, the_bakery, minmay_shop_grid_forest
D:12:     nicolae_trove_entry_crystal, due_unseen_surprise
D:13:     kennysheep_four_of_diamonds, nicolae_underground_beach
Lair:2:   minmay_snake_entry_guardpost_large
Lair:3:   minmay_lair_venomous_thicket, st_stairs_5, zaba_anthell, uniq_harold
Lair:4:   minmay_shoals_entry_beasts
Lair:5:   beast_lair_carwin_large_2, lemuel_old_faithful
Lair:6:   cheibrodos_lair_end_hotspot, minmay_slime_entry_oklob_open,
          serial_bayou_shore_b
Orc:1:    minmay_orc_temple_c
Orc:2:    st_orc_ogre_mass, mines2_david

Skill      XL: |  1  2  3  4  5  6  7  8  9 10 11 12 13 14 15 |
---------------+----------------------------------------------+-----
Axes           | 4 5 6 8 9 11 13 15 18 20 21 22 23 | 23.3
Fighting       | 4 5 6 7 8 9 11 12 15 16 | 16.2
Armour         | 3 4 5 7 8 9 10 11 12 | 12.3
Dodging        | |  2.1

Action                   |  1- 3 |  4- 6 |  7- 9 | 10-12 | 13-15 || total
-------------------------+-------+-------+-------+-------+-------++-------
Melee: Hand axe          |    88 |    67 |   133 |    33 |       ||   321
       Headbutt          |    14 |    13 |    52 |   111 |   177 ||   367
       War axe           |       |       |    78 |    39 |       ||   117
       Battleaxe         |       |       |       |   487 |   711 ||  1198
Throw: Javelin           |       |       |       |     4 |     1 ||     5
Invok: Berserk           |     3 |     3 |     9 |     7 |    12 ||    34
       Burn Spellbooks   |       |     1 |     2 |       |     3 ||     6
       Brothers in Arms  |       |       |       |       |     4 ||     4
       Trog's Hand       |       |       |       |       |     2 ||     2
Evoke: Wand              |       |       |    11 |     5 |     5 ||    21
  Use: Scroll            |       |     7 |       |     3 |     3 ||    13
       Potion            |       |       |       |     1 |     1 ||     2
 Stab: Paralysed         |       |       |     3 |       |       ||     3
       Distracted        |       |       |       |       |     1 ||     1
  Eat: Chunk             |     3 |     6 |    18 |    22 |    38 ||    87
       Meat ration       |       |       |     1 |     1 |       ||     2
       Fruit             |       |       |     1 |       |     3 ||     4
Armor: Animal skin       |    12 |       |       |       |       ||    12
       Chain mail        |    16 |    24 |    42 |       |       ||    82
       Scale mail        |       |       |    31 |   169 |   247 ||   447
Dodge: Dodged            |    46 |    16 |    69 |   175 |   242 ||   548
